 Dungeon Sprint DCSS version 0.30.1-11-g7821555f0a (webtiles) character file.

Game seed: 14388079026475174088

287 Heoruswealwe the Spear-Bearer (level 6, -8/62 HPs)
             Began as a Minotaur Fighter on Nov 3, 2023.
             Was an Initiate of Gozag.
             Mangled by a yak (10 damage)
             ... in the Dungeon (Sprint IX: "|||||||||||||||||||||||||||||").
             The game lasted 00:01:16 (125 turns).

Heoruswealwe the Spear-Bearer (Minotaur Fighter)     Turns: 125, Time: 00:01:16

Health: -8/62      AC:  8    Str: 23    XL:     6   Next: 8%
Magic:  5/5        EV:  9    Int:  5    God:    Gozag
Gold:   306        SH:  4    Dex:  9    Spells: 5/5 levels left

rFire   . . .        a - +0 trident
rCold   . . .        d - +0 buckler
rNeg    . . .        c - +0 scale mail
rPois   .            (helmet restricted)
rElec   .            (no cloak)
rCorr   .            (no gloves)
SInv    .            (no boots)
Will    .....        (no amulet) Stlth
                     (no ring)
HPRegen 0.30/turn    (no ring)
MPRegen 0.09/turn

%: no teleportation
@: gold aura
A: horns 2, retaliatory headbutt
a: Renounce Religion, Potion Petition, Call Merchant, Bribe Branch


You were in the Dungeon.
You worshipped Gozag.
Gozag was aware of your devotion.
You visited 1 branch You collected 306 gold pieces.

Inventory:

Hand Weapons
 a - a +0 trident (weapon)
Armour
 c - a +0 scale mail (worn)
 d - a +0 buckler (worn)
Jewellery
 k - a +2 ring of protection
 l - a +2 ring of evasion
Wands
 j - a wand of roots (10)
Scrolls
 h - a scroll of blinking
Potions
 b - a potion of might
 e - 5 potions of curing
 f - 3 potions of heal wounds
 g - a potion of haste
 i - a potion of berserk rage


   Skills:
 + Level 8.4 Fighting
 * Level 11.0 Polearms
 + Level 8.4 Armour
 - Level 3.6 Shields


You had 5 spell levels left.
You didn't know any spells.
Your spell library was empty.

Dungeon Overview and Level Annotations

Branches:
Dungeon (1/1)

Altars:
Cheibriados
Dithmenos
Elyvilon
Fedhas
Gozag
Hepliaklqana
Kikubaaqudgha
Makhleb
Nemelex Xobeh
Okawaru
Qazlal
Ru
Sif Muna
Trog
Uskayaw
Vehumet
Wu Jian
Xom
Yredelemnul
Zin
The Shining One
Jiyva
Lugonu


Innate Abilities, Weirdness & Mutations

You have a pair of horns on your head.
You reflexively headbutt those who attack you in melee.


Message History

The yak is severely wounded.
You block the yak's attack.
You completely miss the yak.
The yak is severely wounded.
You puncture the yak!
The yak is almost dead.
The yak gores you.
* * * LOW HITPOINT WARNING * * *
You barely miss the yak. You headbutt the yak.
You kill the yak!
The yak is distracted by your dazzling golden aura.
Your Fighting skill increases to level 8!
Your Polearms skill gained 2 levels and is now at level 11!
Your Armour skill increases to level 8!
You have reached level 6!
You see here 135 gold pieces.
You strike the helpless yak from behind!
You hit the yak but do no damage.
The yak is no longer distracted by gold.
The yak closely misses you.
You hit the yak.
The yak is lightly wounded.
The yak gores you but does no damage.
You puncture the yak!
The yak is moderately wounded.
The yak gores you!
* * * LOW HITPOINT WARNING * * *
The yak is distracted by your dazzling golden aura.
The yak bellows!
You hit the yak.
The yak is moderately wounded.
You hit the yak.
The yak is heavily wounded.
The yak gores you but does no damage.
You hit the yak.
The yak is heavily wounded.
The yak is no longer distracted by gold.
The yak gores you!
You die...
Your body crumbles into a pile of gold. $$$$$ $ $ $ $$$$$

$$$ $ $
▓▓▓▓▓▓▓▓▓▓▓▓▓▓▓▓▓▓▓▓▓▓
+WY{Y@$'..[[[.)?!'____
▓▓▓▓▓▓▓▓▓▓▓▓▓▓▓▓▓▓▓▓▓▓


You could see 2 yaks and a wraith.

Vanquished Creatures
  A yak (D)
  A centaur (D)
  A hound (D)
  An adder (D)
  A shadow imp (D)
  A white imp (D)
  An ufetubus (D)
  A giant cockroach (D)
  2 ball pythons (D)
  A frilled lizard (D)
  A rat (D)
12 creatures vanquished.

Notes
Turn   | Place    | Note
-------+----------+-------------------------------------------
     0 | D        | Heoruswealwe the Minotaur Fighter began the quest for the
                  | Orb.
     0 | D        | Reached XP level 1. HP: 19/19 MP: 0/0
    12 | D        | Reached skill level 3 in Polearms
    39 | D        | Noticed a hound
    43 | D        | Found a snail-covered altar of Cheibriados.
    43 | D        | Found a shadowy altar of Dithmenos.
    43 | D        | Found a white marble altar of Elyvilon.
    43 | D        | Found a blossoming altar of Fedhas.
    43 | D        | Found an opulent altar of Gozag.
    44 | D        | Found a hazy altar of Hepliaklqana.
    45 | D        | Found a viscous altar of Jiyva.
    46 | D        | Found an ancient bone altar of Kikubaaqudgha.
    47 | D        | Found a corrupted altar of Lugonu.
    48 | D        | Found a burning altar of Makhleb.
    49 | D        | Found a sparkling altar of Nemelex Xobeh.
    50 | D        | Found an iron altar of Okawaru.
    51 | D        | Became a worshipper of Gozag Ym Sagoz the Greedy
    54 | D        | Reached skill level 4 in Polearms
    54 | D        | Reached XP level 2. HP: 17/28 MP: 1/1
    59 | D        | Reached skill level 5 in Fighting
    59 | D        | Reached skill level 6 in Polearms
    59 | D        | Reached skill level 5 in Armour
    59 | D        | Reached XP level 3. HP: 19/36 MP: 2/2
    67 | D        | Found a stormy altar of Qazlal.
    68 | D        | Found a sacrificial altar of Ru.
    69 | D        | Found a shimmering blue altar of Sif Muna.
    70 | D        | Found a bloodstained altar of Trog.
    71 | D        | Found a hide-covered altar of Uskayaw.
    72 | D        | Found a radiant altar of Vehumet.
    73 | D        | Found an ornate altar of the Wu Jian Council.
    74 | D        | Found a shimmering altar of Xom.
    75 | D        | Found a basalt altar of Yredelemnul.
    76 | D        | Found a glowing silver altar of Zin.
    77 | D        | Found a glowing golden altar of the Shining One.
   101 | D        | Noticed a wraith
   101 | D        | Noticed a yak
   101 | D        | Noticed a yak
   101 | D        | Noticed a yak
   101 | D        | Noticed a centaur
   109 | D        | Killed a centaur
   110 | D        | Reached skill level 9 in Polearms
   110 | D        | Reached XP level 4. HP: 29/47 MP: 3/3
   110 | D        | Reached XP level 5. HP: 32/52 MP: 4/4
   118 | D        | Killed a yak
   119 | D        | Reached skill level 11 in Polearms
   119 | D        | Reached XP level 6. HP: 13/62 MP: 5/5
   122 | D        | HP: 1/62 [yak (13)]
   125 | D        | Mangled by a yak

Illustrated notes

Levels and vault maps discovered:
D:        linesprint [early_d, line_temple, items_1, d_10, items_2, lair_1,
          lair_end, items_3, orc_1, orc_end, items_4, d_15, swamp_1, shoals_1,
          snake_1, spider_1, d_20, vaults_1, items_5, swamp_end, shoals_end,
          snake_end, spider_end, vaults_end, d_27, items_6, zot_1, zot_end,
          crypt_end, forest_end, elf_end, slime_end, tomb_end, abyss_end,
          pan_hell_end]

Skill      XL: |  1  2  3  4  5 |
---------------+----------------+-----
Polearms       | 4 6 9 11 | 11.0
Fighting       | 4 5 7 8 |  8.4
Armour         | 4 5 7 8 |  8.4
Shields        | |  3.6

Action                     |  1- 3 |  4- 6 || total
---------------------------+-------+-------++-------
  Melee: Trident           |    30 |    14 ||    44
         Headbutt          |     2 |     2 ||     4
    Use: Scroll            |     1 |       ||     1
   Stab: Distracted        |     1 |     1 ||     2
 Armour: Scale mail        |    22 |     2 ||    24
  Dodge: Dodged            |    24 |     2 ||    26
  Block: Buckler           |     8 |     3 ||    11
